 Dungeon Crawl Stone Soup version 0.32-a0-961-gd60f5e5fc7 (webtiles) character file.

Game seed: 13616139691288869779

573 uglyjohn the Ruffian (level 7, 0/46 HPs)
             Began as an Octopode Shapeshifter on Apr 17, 2024.
             Was an Initiate of Hepliaklqana.
             Slain by a centaur (2 damage)
             ... on level 5 of the Dungeon.
             The game lasted 00:09:03 (3056 turns).

uglyjohn the Ruffian (Octopode Shapeshifter)        Turns: 3056, Time: 00:09:06

Health: 0/46       AC:  1    Str: 21    XL:     7   Next: 34%
Magic:  7/7        EV: 12    Int: 13    God:    Hepliaklqana [......]
Gold:   177        SH:  0    Dex: 11    Spells: 6/6 levels left

rFire   . .          .
                       - Unarmed
rCold   . . .        (no shield)
rNeg    . . .        (helmet currently unavailable)
rPois   .            q - amulet of the acrobat
rElec   .            h - +6 ring of strength
rCorr   .            (no ring)
SInv    .            (no ring)
Will    .....        (no ring)
Stlth   ++           (no ring)
HPRegen 0.27/turn    (no ring)
MPRegen 0.10/turn    (no ring)
                     (no ring)

%: acrobat
@: beast-form
A: beast (slay +2), almost no armour, amphibious, 8 rings, camouflage 1,
gelatinous body 1, (nimble swimmer 1), tentacles
a: Begin Untransformation, Renounce Religion


You were on level 5 of the Dungeon.
You worshipped Hepliaklqana.
Hepliaklqana was noncommittal.
You were a hulking beast.
You visited 2 branches of the dungeon, and saw 6 of its levels.
You also visited: Sewer.

You collected 177 gold pieces.

Inventory:

Jewellery
 h - a +6 ring of strength (left tentacle)
 q - an amulet of the acrobat (around mantle)
Talismans
 b - a beast talisman (active)
 c - a flux talisman
Scrolls
 d - a scroll of identify {unknown}
 e - 2 scrolls of enchant weapon {unknown}
 g - a scroll of noise {unknown}
 j - a scroll of fog {unknown}
 n - 2 scrolls of fear {unknown}
 o - a scroll of teleportation {unknown}
Potions
 a - a potion of lignification
 f - a potion of cancellation {unknown}
 i - 2 potions of heal wounds {unknown}
 k - a potion of magic {unknown}
 l - a potion of curing {unknown}
 m - a potion of berserk rage {unknown}
 p - a potion of attraction {unknown}


   Skills:
 + Level 3.0 Fighting
 + Level 3.5 Dodging
 * Level 5.3 Unarmed Combat
 * Level 5.1 Shapeshifting


You had 6 spell levels left.
You didn't know any spells.
Your spell library contained the following spells:

 Spells                   Type           Power      Damage    Failure   Level
 Apportation              Tloc           0%         N/A       30%         1
 Necrotise                Necr           0%         1d4       30%         1
 Sandblast                Erth           0%         2d4       30%         1
 Sting                    Conj/Alch      0%         1d3       30%         1
 Summon Small Mammal      Summ           0%         N/A       30%         1
 Passwall                 Erth           0%         N/A       67%         3
 Stone Arrow              Conj/Erth      0%         3d7       67%         3
 Volatile Blastmotes      Fire/Tloc      0%         2d10      67%         3
 Fulminant Prism          Conj/Alch      0%         3d5       97%         4
 Iskenderun's Mystic Bla Conj/Tloc 0%             2d3        (+2d1     97%         4


Dungeon Overview and Level Annotations

Branches:
Dungeon (5/15)             Temple (1/1) D:4           Sewer (visited)

Altars:
Ashenzari
Cheibriados
Dithmenos
Elyvilon
Hepliaklqana
Kikubaaqudgha
Nemelex Xobeh
Okawaru
Qazlal
Ru
Sif Muna
Uskayaw
Vehumet
Xom
Yredelemnul
Zin
The Shining One

Shops:
D:1 (*!==

Annotations:
D:4 3 runed translucent doors, draino's ghost, amateur FeSu


Innate Abilities, Weirdness & Mutations

You are a hulking beast.
Your limbs bulge with bestial killing power. (Slay +2)
You cannot wear most types of armour.
You are amphibious.
You can wear up to eight rings at the same time.
Your skin changes colour to match your surroundings (Stealth+).
Your rubbery body absorbs attacks. (AC +1, EV +1)
((You are camouflaged when in or above water. (Stealth+)))
You have tentacles for arms and can constrict up to eight enemies at once.


Message History

Found 12 gold pieces.
The iguana hisses angrily.
A centaur comes into view.
The iguana misses you.
You tentacle-slap the iguana. Your grab misses the iguana.
You squeeze the iguana.
The iguana is moderately wounded.
The iguana closely misses you.
You tentacle-slap the iguana. Your grab misses the iguana.
The iguana is severely wounded.
The centaur hits you. The centaur closely misses you. The iguana bites you!
The centaur barely misses you. The centaur kicks you.
You tentacle-slap the iguana. You grab the iguana.
You tentacle-slap the iguana.
You kill the iguana!
The centaur closely misses you. The centaur misses you.
You tentacle-slap the centaur.
The centaur is lightly wounded.
The centaur hits you. The centaur kicks you.
You tentacle-slap the centaur. Your squeeze misses the centaur.
The centaur is lightly wounded.
The centaur barely misses you. The centaur kicks you.
The centaur closely misses you. The centaur kicks you.
You bludgeon the centaur!
The centaur is heavily wounded.
The centaur hits you! The centaur kicks you.
* * * LOW HITPOINT WARNING * * *
You tentacle-slap the centaur.
The centaur is severely wounded.
The centaur closely misses you. The centaur kicks you.
* * * LOW HITPOINT WARNING * * *
You tentacle-slap the centaur but do no damage.
The centaur is severely wounded.
The centaur misses you. The centaur kicks you.
* * * LOW HITPOINT WARNING * * *
The centaur hits you.
* * * LOW HITPOINT WARNING * * *
The centaur kicks you.
You die...
Hepliaklqana delivers you to your ancestors.

..........o. #
###.##.......# ...
..##............# ..
........#....!.. #.#
##..<.......> ..#
#........### ..##
#........######...##..
#...........##.c......
.........###....h.......
..............##....####
..#........####.....#
...........# ......#
..#.....### ....####
.......## #....# ##
#....# #....#


You could see a centaur.

Vanquished Creatures
  Pargi (Sewer)
  A kobold brigand (Sewer)
  A scorpion (D:4)
  A hound (D:4)
  2 jellies
  An orc priest (D:3)
  2 iguanas
  Natasha (thrice) (D:4)
  2 adders
  2 dart slugs (D:1)
  4 orcs (D:3)
  2 endoplasms
  3 giant cockroaches
  8 goblins
  6 hobgoblins
  4 jackals (D:2)
  7 kobolds
  A quokka (D:1)
  8 ball pythons
  7 bats
  14 frilled lizards
  3 rats
83 creatures vanquished.

Notes
Turn   | Place    | Note
-------+----------+-------------------------------------------
     0 | D:1      | uglyjohn the Octopode Shapeshifter began the quest for the
                  | Orb.
     0 | D:1      | Reached XP level 1. HP: 13/13 MP: 1/1
    42 | D:1      | Found Vischizxi's Jewellery Shoppe.
    99 | D:1      | Reached XP level 2. HP: 16/18 MP: 2/2
   148 | D:1      | Found Kyniwuo's General Store.
   261 | D:1      | Found Bobiwamp's Antique Weapon Boutique.
   364 | D:1      | Reached XP level 3. HP: 22/23 MP: 3/3
   469 | D:1      | Found Gaz Hats's Jewellery Shop.
   597 | D:1      | Found Zuoror's Distillery.
  1460 | D:3      | Found a radiant altar of Vehumet.
  1489 | D:3      | Reached XP level 4. HP: 16/28 MP: 4/4
  1687 | D:3      | You fall into a shaft and drop 1 floor!
  1700 | D:4      | Noticed Natasha
  1709 | D:4      | Reached XP level 5. HP: 22/34 MP: 5/5
  1710 | D:4      | Killed Natasha
  1752 | D:4      | Found a glowing drain.
  1765 | Sewer    | Entered a sewer
  1766 | Sewer    | Noticed Pargi
  1827 | Sewer    | Killed Pargi
  1828 | Sewer    | Reached XP level 6. HP: 10/41 MP: 6/6
  2204 | D:4      | Found a staircase to the Ecumenical Temple.
  2217 | Temple   | Entered the Ecumenical Temple
  2256 | Temple   | Became a worshipper of Hepliaklqana the Forgotten
  2315 | D:4      | Reached skill level 5 in Unarmed Combat
  2315 | D:4      | Reached XP level 7. HP: 38/45 MP: 7/7
  2447 | D:4      | Noticed Natasha
  2454 | D:4      | Killed Natasha
  2460 | D:4      | Found a runed translucent gate.
  2460 | D:4      | Found a runed translucent gate.
  2460 | D:4      | Found a runed translucent gate.
  2512 | D:4      | Noticed draino's ghost (amateur FeSu)
  2998 | D:4      | Noticed Natasha
  3003 | D:4      | Killed Natasha
  3004 | D:4      | Reached skill level 5 in Shapeshifting
  3037 | D:5      | Entered Level 5 of the Dungeon
  3056 | D:5      | HP: 2/46 [centaur (6)]
  3056 | D:5      | Slain by a centaur

Illustrated notes

Levels and vault maps discovered:
D:1:      lightli_arrival_chessboard, layout_basic, serial_shops, shop,
          nicolae_shop_scrapyard, nicolae_shop_tiny_statue_garden,
          nicolae_shop_advertising_works [nicolae_subvault_shop_adworks], shop,
          minmay_misc_feat_alley, chequers_garden, dreamdust_princess_corridor
D:2:      layout_basic, minmay_misc_feat_more_columns, chequers_mini_garden,
          minmay_lizard_pond
D:3:      layout_basic, nicolae_vehumet_radiance, guppyfry_early_orc_mine
D:4:      layout_basic, minmay_temple_entry_waves, gammafunk_ghost_icy,
          cheibrodos_sewer_entry_drain, minmay_misc_feat_nine_boxes,
          uniq_natasha
D:5:      layout_rooms, lemuel_coloured_pillars_altar, minmay_starry_boxes,
          uniq_edmund
Temple:   eino_temple_scatter_basement

Skill      XL: |  1  2  3  4  5  6  7 |
---------------+----------------------+-----
Fighting       | 2 3 |  3.0
Unarmed Combat | 4 5 |  5.3
Shapeshifting  | 4 5 |  5.1
Dodging        | 3 |  3.5

Action                     |  1- 3 |  4- 6 |  7- 9 || total
---------------------------+-------+-------+-------++-------
  Melee: Unarmed           |    74 |    51 |    15 ||   140
         Constrict         |    18 |    14 |     3 ||    35
         Tentacles         |    10 |    11 |     4 ||    25
         Punch             |     2 |     3 |     1 ||     6
   Stab: Sleeping          |     4 |     9 |     2 ||    15
 Armour: Skin              |    27 |    27 |    14 ||    68
  Dodge: Dodged            |    31 |    28 |    13 ||    72

Table legend: (Time is in decaauts)
 A = Elapsed time spent in this place.
 B = Non-inter-level travel time spent in this place.
 C = Inter-level travel time spent in this place.
 D = Time resting spent in this place.
 E = Time spent auto-exploring this place.
 F = Levels seen in this place.
 G = Mean time per level.
                   A        B        C        D        E       F      G
               +--------+--------+--------+--------+--------+-----+--------+
         Total |   3043 |   2962 |     81 |    434 |   1902 |   7 |  434.7 |
       Dungeon |   2581 |   2511 |     70 |    213 |   1828 |   5 |  516.2 |
        Temple |     50 |     39 |     11 |      0 |      0 |   1 |   50.0 |
         Sewer |    411 |    411 |      0 |    221 |     74 |   1 |  411.0 |
               +--------+--------+--------+--------+--------+-----+--------+

Top non-repeatable levels by time:
     D:4: 883 daAuts
     D:1: 719 daAuts
     D:2: 714 daAuts
   Sewer: 411 daAuts
     D:3: 246 daAuts
  Temple: 50 daAuts
     D:5: 18 daAuts
